 Dungeon Crawl Stone Soup version 0.31-a0-879-g1609e0ac53 (webtiles) character file.

Game seed: 16584416064268667616

1188 lessens the Basher (level 8, -3/63 HPs)
             Began as a Ghoul Fighter on Oct 14, 2023.
             Slain by a wight
             ... wielding a +0 scimitar
              (9 damage)
             ... on level 4 of the Dungeon.
             The game lasted 00:04:44 (5006 turns).

lessens the Basher (Ghoul Fighter)                  Turns: 5006, Time: 00:04:45

Health: -3/63      AC:  6    Str: 28    XL:     8   Next: 43%
Magic:  7/7        EV:  9    Int:  3    God:
Gold:   295        SH:  4    Dex:  8    Spells: 7/7 levels left

rFire   . . .        q - +0 eveningstar
rCold   + . .        c - +0 buckler
rNeg    + + +        b - +0 scale mail
rPois   ∞            (no helmet)
rElec   .            (no cloak)
rCorr   .            (no gloves)
SInv    .            (no boots)
Will    .....        (no amulet)
Stlth   x              - +6 ring of strength
HPRegen 0.00/turn    (no ring)
MPRegen 0.10/turn

%: no passive effects
@: inhibited regen
A: claws 1, cold resistance 1, negative energy resistance 3, inhibited
regeneration, torment resistance 2, devour on kill
a: no special abilities


You were on level 4 of the Dungeon.
You visited 1 branch of the dungeon, and saw 4 of its levels.

You collected 295 gold pieces.

Inventory:

Hand Weapons
 a - a +0 war axe
 q - a +0 eveningstar (weapon)
Missiles
 h - 2 throwing nets
 l - 40 stones
 r - 5 boomerangs
 A - 8 poisoned darts
Armour
 b - a +0 scale mail (worn)
 c - a +0 buckler (worn)
 u - a +0 helmet
 H - a +0 helmet
Jewellery
 x - a +6 ring of strength (left claw)
 G - an amulet of reflection
Wands
 D - a wand of flame (23)
Scrolls
 d - a scroll of vulnerability {unknown}
 e - a scroll of immolation {unknown}
 f - 2 scrolls of fear {unknown}
 g - 4 scrolls of identify
 i - a scroll of butterflies {unknown}
 k - 3 scrolls of enchant armour {unknown}
 n - 4 scrolls of enchant weapon {unknown}
 p - a scroll of fog {unknown}
 s - 2 scrolls of amnesia {unknown}
 t - a scroll of noise {unknown}
 w - 2 scrolls of revelation {unknown}
 y - a scroll of poison {unknown}
 C - a scroll of teleportation {unknown}
Potions
 j - a potion of curing {unknown}
 m - 2 potions of invisibility {unknown}
 o - a potion of haste {unknown}
 v - a potion of mutation {unknown}
 z - a potion of cancellation {unknown}
 B - 2 potions of heal wounds {unknown}
 E - a potion of degeneration {unknown}
 F - a potion of brilliance {unknown}


   Skills:
 - Level 3.2 Fighting
 - Level 4.0(6.5) Axes
 + Level 8.1(8.6) Maces & Flails
 - Level 2.6 Armour
 - Level 2.6 Shields


You had 7 spell levels left.
You didn't know any spells.
Your spell library contained the following spells:

 Spells                   Type           Power      Damage    Failure   Level
 Ozocubu's Armour         Ice            0%         N/A       99%         3
 Olgreb's Toxic Radiance  Pois           0%         N/A       100%        4
 Ozocubu's Refrigeration  Ice            0%         4d7       100%        7
 Discord                  Hex            0%         N/A       100%        8
 Ignition                 Fire           0%         3d3       100%        8


Dungeon Overview and Level Annotations

Branches:
Dungeon (4/15) Zot: 18908
 Temple: D:4-7

Altars:


Innate Abilities, Weirdness & Mutations

You are immune to poison.
You have sharp fingernails.
Your flesh is cold resistant. (rC+)
You are immune to negative energy. (rN+++)
You do not regenerate when monsters are visible.
You are immune to unholy pain and torment.
You thrive by killing the living.


Message History

Found a chain mail.
Items here: )) [[.
A wight comes into view. It is wielding a +0 scimitar.
A wight is nearby!
A wight comes into view. It is wielding a +0 mace.
Unknown command.
Unknown command.
You closely miss the wight. You block the wight's attack.
You barely miss the wight. The wight hits you with a +0 mace!
You sock the wight!
The wight is heavily damaged.
The wight hits you with a +0 mace.
A wight comes into view. It is wielding a +3 trident.
You bludgeon the wight!!
You destroy the wight!
You block the wight's attack.
You closely miss the wight. You block the wight's attack. x2
You barely miss the wight. The wight barely misses you. x2
You barely miss the wight. The wight hits you with a +0 scimitar!
The wight barely misses you. The wight hits you with a +0 scimitar.
The wight hits you from afar with a +3 trident!
You closely miss the wight. The wight barely misses you.
The wight hits you with a +0 scimitar.
You are too injured to fight recklessly!
You barely miss the wight. The wight barely misses you.
The wight closely misses you.
You sock the wight!
The wight is severely damaged.
The wight hits you from afar with a +3 trident.
The wight hits you with a +0 scimitar!
* * * LOW HITPOINT WARNING * * *
You completely miss the wight.
The wight is severely damaged.
The wight hits you from afar with a +3 trident.
* * * LOW HITPOINT WARNING * * *
The wight closely misses you.
You closely miss the wight.
The wight is severely damaged.
You block the wight's attack. The wight hits you with a +0 scimitar!
You die...

#..###......
#..##.......
#..##.......
########..##.######
..........##)######
#####........).....#
#..................#
.####.###..............#
......z@...............#
#####z##.......#########
.. #.......### # ##
#.........# #
#.........# #
#.##......# #
#.##......# #.#####.###
#+# #.#


You could see 2 wights.

Vanquished Creatures
  Pikel (D:4)
  Sigmund (D:2)
  An ogre (D:4)
  A lemure (D:4)
  3 wights (D:4)
  2 jellies (D:3)
  2 hounds (D:4)
  Jessica (D:2)
  An orc wizard (D:4)
  5 adders
  2 dart slugs
  3 orcs (D:4)
  6 ball pythons
  3 bats
  17 endoplasms
  3 giant cockroaches
  10 goblins
  5 hobgoblins
  4 jackals (D:3)
  8 quokkas
  A frilled lizard (D:1)
  9 kobolds
  2 rats (D:3)
91 creatures vanquished.

Notes
Turn   | Place    | Note
-------+----------+-------------------------------------------
     0 | D:1      | lessens the Ghoul Fighter began the quest for the Orb.
     0 | D:1      | Reached XP level 1. HP: 19/19 MP: 0/0
   122 | D:1      | Reached XP level 2. HP: 25/26 MP: 1/1
   461 | D:1      | Found a faded altar of an unknown god.
   894 | D:1      | Reached XP level 3. HP: 31/31 MP: 2/2
  1077 | D:1      | Upgraded the game from 0.31-a0-876-gfe8ebadbca to
                  | 0.31-a0-879-g1609e0ac53
  1455 | D:2      | Noticed Jessica
  1470 | D:2      | Killed Jessica
  1471 | D:2      | Reached XP level 4. HP: 38/38 MP: 3/3
  1790 | D:2      | Noticed Sigmund
  1796 | D:2      | Killed Sigmund
  1797 | D:2      | Reached skill level 3 in Maces & Flails
  1797 | D:2      | Reached XP level 5. HP: 31/45 MP: 4/4
  1797 | D:2      | Reached XP level 6. HP: 35/51 MP: 5/5
  2600 | D:3      | Reached skill level 4 in Maces & Flails
  3579 | D:4      | Reached skill level 5 in Maces & Flails
  3579 | D:4      | Reached XP level 7. HP: 39/57 MP: 6/6
  4213 | D:4      | Noticed Pikel
  4242 | D:4      | Killed Pikel
  4243 | D:4      | Reached skill level 7 in Maces & Flails
  4243 | D:4      | Reached XP level 8. HP: 21/63 MP: 7/7
  4631 | D:4      | Reached skill level 8 in Maces & Flails
  5006 | D:4      | Slain by a wight

Illustrated notes

Levels and vault maps discovered:
D:1:      dpeg_arrival_erosion, layout_basic,
          hellmonk_ecumenical_altar_leap_of_faith, dreamdust_princess_bridge,
          chequers_arboretum, minmay_surrounded
D:2:      layout_basic, uniq_jessica, uniq_sigmund
D:3:      cheibrodos_fertilizer, layout_basic, serial_forest,
          infiniplex_forest_3_way, infiniplex_forest_3_way,
          infiniplex_forest_lined_room_2, infiniplex_forest_lined_ring,
          infiniplex_forest_clump_diagonal, infiniplex_forest_clump_small,
          infiniplex_forest_end_2, feat_on_display
D:4:      minmay_thick_lines, layout_basic, serial_shops, shop, uniq_pikel

Skill      XL: |  1  2  3  4  5  6  7  8 |
---------------+-------------------------+-----
Axes           | 2 3 4 |  4.0
Maces & Flails | 3 5 7 8 |  8.1
Fighting       | |  3.2
Armour         | |  2.6
Shields        | |  2.6

Action                     |  1- 3 |  4- 6 |  7- 9 || total
---------------------------+-------+-------+-------++-------
  Melee: War axe           |    70 |    31 |       ||   101
         Eveningstar       |       |    89 |    97 ||   186
    Use: Potion            |       |     1 |       ||     1
         Scroll            |       |     1 |       ||     1
 Armour: Scale mail        |    46 |    63 |    77 ||   186
  Dodge: Dodged            |    27 |    42 |    35 ||   104
  Block: Buckler           |    12 |    19 |    22 ||    53

Table legend: (Time is in decaauts)
 A = Elapsed time spent in this place.
 B = Non-inter-level travel time spent in this place.
 C = Inter-level travel time spent in this place.
 D = Time resting spent in this place.
 E = Time spent auto-exploring this place.
 F = Levels seen in this place.
 G = Mean time per level.
                   A        B        C        D        E       F      G
               +--------+--------+--------+--------+--------+-----+--------+
         Total |   5090 |   5029 |     61 |    144 |   4154 |   4 | 1272.5 |
       Dungeon |   5090 |   5029 |     61 |    144 |   4154 |   4 | 1272.5 |
               +--------+--------+--------+--------+--------+-----+--------+

Top non-repeatable levels by time:
     D:4: 1489 daAuts
     D:1: 1354 daAuts
     D:3: 1347 daAuts
     D:2: 899 daAuts

Levels and vault maps discovered:
D:1:      dpeg_arrival_erosion, layout_basic,
          hellmonk_ecumenical_altar_leap_of_faith, dreamdust_princess_bridge,
          chequers_arboretum, minmay_surrounded
D:2:      layout_basic, uniq_jessica, uniq_sigmund
D:3:      cheibrodos_fertilizer, layout_basic, serial_forest,
          infiniplex_forest_3_way, infiniplex_forest_3_way,
          infiniplex_forest_lined_room_2, infiniplex_forest_lined_ring,
          infiniplex_forest_clump_diagonal, infiniplex_forest_clump_small,
          infiniplex_forest_end_2, feat_on_display
D:4:      minmay_thick_lines, layout_basic, serial_shops, shop, uniq_pikel
